Map: Overgrowth LE (Void)

Players

Loken - Winner!

  • Race: Protoss Protoss
  • League: Platinum
  • Spawn Location: 1:00

FrogMint

  • Race: Zerg Zerg
  • Spawn Location: 7:00

VOD

Have the link to the VOD?

Description

Time

  • Played on: March 17, 2017, 5:10 p.m.
  • Length: 2:28
Show
View Real Time Build Order
Export as new Build Order

Loken Protoss - Winner!

Build Orders:  

Get SALT Encoding   

  12  0:01  Probe (Chrono Boost)  
  13  0:11  Probe (Chrono Boost)  
  14  0:22  Probe (Chrono Boost)  
  15  0:29  Pylon  
  15  0:47  Probe (Chrono Boost)  
  15  0:48  Gateway  
  16  0:57  Probe (Chrono Boost)  
  16  0:58  Forge  
  17  1:08  Probe (Chrono Boost)  
  18  1:19  Probe (Chrono Boost)  
  19  1:26  Assimilator  
  19  1:37  Pylon  
  19  1:41  Cybernetics Core  
  19  1:44  Photon Cannon  
  19  1:50  Probe (Chrono Boost)  
  20  2:00  Photon Cannon, Probe (Chrono Boost)  
  21  2:03  Photon Cannon  
  21  2:19  Pylon  
Show
View Real Time Build Order
Export as new Build Order

FrogMint Zerg 

Build Orders: Hatch First 

Get SALT Encoding   

  12  0:02  Drone  
  13  0:09  Drone  
  14  0:17  Overlord  
  14  0:35  Drone x2  
  16  0:37  Drone  
  17  0:46  Drone  
  18  1:00  Hatchery  
  17  1:07  Drone  
  18  1:21  Extractor  
  18  1:22  Drone  
  18  1:40  Drone  
  19  1:52  Drone x3  
  22  2:02  Spawning Pool  
  22  2:06  Drone  
  22  2:15  Hatchery  
Tags
 
Add a new tag
Caveats
  • Supply blocks, unpowered buildings, or Contaminate may cause inaccurate times.
  • Supply counts are checked every 10 seconds.